 Dungeon Crawl Stone Soup version 0.31-a0-277-g31ea1f65cc (webtiles) character file.

Game seed: 9992080716148850120

362488 Shard1697 the Thanatomancer (level 21, -5/192 HPs)
             Began as a Green Draconian Cinder Acolyte on July 15, 2023.
             Was a High Priest of Ignis.
             Slain by a balrug
             ... wielding a +0 demon whip of venom
             ... summoned by a dread lich
              (11 damage)
             ... on level 5 of the Vaults.
             The game lasted 01:49:13 (41379 turns).

Shard1697 the Thanatomancer (DrCA)                 Turns: 41379, Time: 01:49:13

Health: -5/192     AC: 24    Str: 27    XL:     21   Next: 17%
Magic:  24/35      EV: 28    Int: 19    God:    Ignis [*****.]
Gold:   692        SH: 17    Dex: 27    Spells: 6/41 levels left

rFire   + . .        a - +9 demon whip (vamp)
rCold   + . .        U - +3 buckler {AC+3}
rNeg    + . .        (body armour unavailable)
rPois   +            n - +2 hat
rElec   +            t - +2 cloak {Will+}
rCorr   .            Y - +1 pair of gloves of the Onion {rN+ Dex+2}
SInv    .            E - +2 pair of boots
Will    ++...        y - amulet of reflection
Stlth   ++++         W - ring "Pad Gut" {rElec rC+ Str+3 Dex+5}
HPRegen 0.52/turn    X - ring of Ymuasewa {Str+6 Int+3 Dex+5}
MPRegen 0.24/turn

%: reflection
@: rising, flying
A: breathe noxious fumes, AC +11, unfitting armour, stinger 1, poison
resistance, cold-blooded
}: 3/15 runes: serpentine, barnacled, silver
a: Breathe Noxious Fumes, Renounce Religion, Fiery Armour, Foxfire Swarm


You were on level 5 of the Vaults.
You worshipped Ignis.
Ignis was extremely pleased with you.
You visited 6 branches of the dungeon, and saw 35 of its levels.
You visited the Abyss 1 time.
You visited 1 bazaar.
You also visited: Sewer and Ice Cave.

You collected 3907 gold pieces.
You spent 3215 gold pieces at shops.

Inventory:

Hand Weapons
 a - a +9 vampiric demon whip (weapon)
 g - a +0 eveningstar
 F - a +3 broad axe of venom
Missiles
 b - 2 throwing nets
Armour
 h - a +0 kite shield of reflection
 n - a +2 hat (worn)
 t - a +2 cloak of willpower (worn)
 E - a +2 pair of boots (worn)
 U - a +3 buckler of protection (worn)
 Y - the +1 pair of gloves of the Onion (worn) {rN+ Dex+2}
   (You found it on level 14 of the Dungeon)

   Dex:       It affects your dexterity (+2).
   rN:        It protects you from negative energy.
Jewellery
 c - the ring "Uschemuma" {rF+ rCorr Dex+2}
   (You took it off a vault warden on level 5 of the Vaults)

   [ring of protection from fire]

   Dex:       It affects your dexterity (+2).
   rF:        It protects you from fire.
   rCorr:     It protects you from acid and corrosion.
 w - a ring of positive energy
 y - an amulet of reflection (around neck)
 K - a ring of protection from cold
 L - the ring of Riteasoq {+Blink rN+ Will+}
   (You took it off a vault warden on level 5 of the Vaults)

   [ring of willpower]

   rN:        It protects you from negative energy.
   +Blink:    It lets you blink.
   Will:      It increases your willpower.
 P - the ring of Jedaokhef {Will+ MP+9 Int+2 Dex+6}
   (You found it on level 5 of the Vaults)

   [ring of dexterity]

   Int:       It affects your intelligence (+2).
   Dex:       It affects your dexterity (+6).
   MP:        It affects your magic capacity (+9).
   Will:      It increases your willpower.
 V - a ring of see invisible
 W - the ring "Pad Gut" (left hand) {rElec rC+ Str+3 Dex+5}
   (You found it on level 1 of the Shoals)

   [ring of protection from cold]

   Str:       It affects your strength (+3).
   Dex:       It affects your dexterity (+5).
   rC:        It protects you from cold.
   rElec:     It insulates you from electricity.
 X - the ring of Ymuasewa (right hand) {Str+6 Int+3 Dex+5}
   (You found it on level 5 of the Vaults)

   [ring of strength]

   Str:       It affects your strength (+6).
   Int:       It affects your intelligence (+3).
   Dex:       It affects your dexterity (+5).
Wands
 k - a wand of iceblast (37)
 u - a wand of acid (2)
 C - a wand of digging (21)
 G - a wand of mindburst (13)
 M - a wand of paralysis (16)
Scrolls
 f - 10 scrolls of teleportation
 j - 7 scrolls of fear
 m - 7 scrolls of poison
 q - a scroll of brand weapon
 D - 7 scrolls of revelation
 H - 2 scrolls of fog
 J - 13 scrolls of identify
 Q - 4 scrolls of enchant weapon
 R - 3 scrolls of amnesia
 Z - a scroll of silence
Potions
 d - 3 potions of might
 e - 7 potions of curing
 i - 3 potions of haste
 l - 4 potions of heal wounds
 o - 7 potions of enlightenment
 p - 6 potions of brilliance
 r - 6 potions of lignification
 s - a potion of berserk rage
 v - a potion of ambrosia
 x - a potion of magic
 z - 5 potions of cancellation
 B - 3 potions of resistance
 S - a potion of invisibility
 T - 3 potions of mutation
Miscellaneous
 A - a phantom mirror
 I - a phial of floods
 N - a sack of spiders


   Skills:
 + Level 17.4 Fighting
 - Level 14.1 Maces & Flails
 + Level 15.6 Dodging
 - Level 5.0 Stealth
 - Level 11.4 Shields
 - Level 10.6 Spellcasting
 - Level 12.9 Summonings
 + Level 21.3 Necromancy
 - Level 4.0 Translocations
 - Level 3.8 Fire Magic
 - Level 5.4 Earth Magic
 - Level 2.4 Evocations


You had 6 spell levels left.
You knew the following spells:

 Your Spells              Type           Power      Damage    Failure   Level
a - Dispel Undead         Necr           74%        3d25      0%          4
b - Vampiric Draining     Necr           74%        2d11      0%          3
c - Blink                 Tloc           50%        N/A       2%          2
d - Agony                 Necr           74%        N/A       1%          5
f - Haunt                 Necr/Summ      33%        N/A       6%          7
g - Death Channel         Necr           37%        N/A       1%          6
r - Anguish               Hex/Necr       25%        N/A       1%          4
t - Animate Dead          Necr           74%        N/A       0%          4

Your spell library contained the following spells:

 Spells                   Type           Power      Damage    Failure   Level
 Necrotise                Necr           100%       1d9       0%          1
 Sandblast                Erth           60%        2d14      1%          1
 Summon Small Mammal      Summ           100%       N/A       1%          1
 Cigotuvi's Dreadful Rot  Necr/Pois/Air  74%        N/A       1%          2
 Call Canine Familiar     Summ           56%        N/A       1%          3
 Summon Guardian Golem    Hex/Summ       34%        N/A       1%          3
 Borgnjor's Vile Clutch   Necr/Erth      28%        N/A       1%          5
 Lesser Beckoning         Tloc           50%        N/A       2%          2
 Scorch                   Fire           48%        2d7       2%          2
 Foxfire                  Conj/Fire      68%        2x1d7     3%          1
 Passwall                 Tmut/Erth      16%        N/A       3%          2
 Gell's Gravitas          Tloc           25%        N/A       4%          3
 Momentum Strike          Conj/Tloc      34%        3d8       5%          2
 Summon Lightning Spire   Summ/Air       34%        N/A       5%          4
 Freeze                   Ice            40%        1d6       8%          1
 Magic Dart               Conj           40%        1d5       8%          1
 Stone Arrow              Conj/Erth      40%        3d9       8%          3
 Inner Flame              Hex/Fire       17%        N/A       11%         3
 Portal Projectile        Hex/Tloc       34%        N/A       11%         3
 Vhi's Electric Charge    Tloc/Air       34%        N/A       11%         3
 Ensorcelled Hibernation  Hex/Ice        20%        N/A       12%         2
 Searing Ray              Conj           20%        2d5       12%         2
 Ignite Poison            Fire/Tmut/Pois 14%        N/A       14%         3
 Manifold Assault         Tloc           25%        N/A       16%         4
 Simulacrum               Ice/Necr       25%        N/A       16%         6
 Lee's Rapid Deconstruct  Erth           15%        3d10*     22%         5
 Frozen Ramparts          Ice            20%        1d4       24%         3
 Hailstorm                Conj/Ice       10%        3d5       24%         3
 Mephitic Cloud           Conj/Pois/Air  10%        N/A       24%         3
 Ozocubu's Armour         Ice            10%        N/A       24%         3
 Tukima's Dance           Hex            10%        N/A       24%         3
 Leda's Liquefaction      Hex/Erth       10%        N/A       26%         4
 Petrify                  Tmut/Erth      20%        N/A       26%         4
 Iskenderun's Mystic Bla  Conj/Tloc      17%        2d5       34%         4
 Cause Fear               Hex            5%         N/A       61%         4
 Fulminant Prism          Conj/Hex       5%         3d6       61%         4
 Alistair's Intoxication  Tmut/Pois      6%         N/A       91%         5
 Arcjolt                  Conj/Air       5%         1d15      91%         5
 Metabolic Englaciation   Hex/Ice        5%         N/A       91%         5
 Yara's Violent Unravell  Hex/Tmut       5%         3d4       91%         5
 Dispersal                Tloc           12%        N/A       93%         6
 Plasma Beam              Fire/Air       8%         2x1d19    99%         6
 Starburst                Conj/Fire      8%         6d4       99%         6
 Conjure Ball Lightning   Conj/Air       5%         3x3d6     100%        6
 Eringya's Noxious Bog    Tmut/Pois      5%         4d6       100%        6
 Infestation              Necr           37%        N/A       9%          8
 Enfeeble                 Hex            5%         N/A       100%        7
 Ozocubu's Refrigeration  Ice            5%         4d8       100%        7
 Disjunction              Tloc           12%        N/A       100%        8
 Maxwell's Capacitive Co  Air            5%         ∞         100%        8
 Chain Lightning          Conj/Air       5%         3d6       100%        9
 Animate Armour           Summ/Erth      Unusable   N/A       N/A         4

Dungeon Overview and Level Annotations

Branches:
Dungeon (15/15)            Temple (0/1) D:7            Lair (5/5) D:9
 Shoals (4/4) Lair:3        Snake (4/4) Lair:2        Slime (0/5) Lair:5
    Orc (2/2) D:9             Elf (0/3) Orc:2        Vaults (5/5) D:14
  Crypt (0/3) Vaults:3     Depths (0/4) D:15          Sewer (visited)
  IceCv (visited)

Altars:
Dithmenos
Gozag
Kikubaaqudgha
Okawaru
Ru
Trog
Uskayaw
Yredelemnul
Zin
Jiyva

Shops:
D:1 (   D:4 =   D:7 [*   D:14 :   Orc:2 (:*[   Snake:3 **   Snake:4 (
Vaults:2 [   Vaults:3 !   Vaults:4 [

Portals:
Abyss: D:6
Trove: Vaults:4 (give 14 scrolls of teleportation)

Annotations:
D:6 2 transporters, Tollund's ghost, novice OpSh


Innate Abilities, Weirdness & Mutations

You can breathe blasts of noxious fumes.
Your lurid green scales are hard. (AC +11)
You cannot fit into any form of body armour.
Your tail ends in a venomous barb.
Your system is resistant to poisons. (rPois)
You are cold-blooded and may be slowed by cold attacks.


Message History

The tormentor calls on the powers of darkness!
Your body is wracked with pain!
The balrug gestures at you. The bolt of fire misses you.
You block the dread lich's attack.
Casting: Dispel Undead (safe; 0% risk of failure)
Confirm with . or Enter, or press ? or * to list all spells.
Aiming: Dispel Undead (safe; 0% risk of failure)
Press: ? - help, Shift-Dir - straight line, f/p - dread lich
Aim: a dread lich (moderately damaged, 100% to hit)
The dread lich is dispelled!!
The tormentor misses you. You block the tormentor's attack.
You block the balrug's attack. The dread lich touches you.
Casting: Dispel Undead (safe; 0% risk of failure)
Confirm with . or Enter, or press ? or * to list all spells.
Aiming: Dispel Undead (safe; 0% risk of failure)
Press: ? - help, Shift-Dir - straight line, f/p - dread lich
Aim: a dread lich (heavily damaged, 100% to hit)
The dread lich is dispelled!!
The tormentor calls on the powers of darkness!
Your body is wracked with pain!
* * * LOW HITPOINT WARNING * * *
You block the balrug's attack. The dread lich touches you!
* * * LOW HITPOINT WARNING * * *
The tormentor calls on the powers of darkness!
Your body is wracked with pain!
* * * LOW HITPOINT WARNING * * *
The orc knight convulses!
Okay, then.
You begin to rise into the air.
The balrug completely misses you.
The orc knight unwields a +0 dire flail.
The orc knight wields a +0 arbalest.
The orc knight shoots a bolt.
The bolt misses you. The tormentor closely misses you.
The tormentor completely misses you.
The dread lich casts a spell.
The dread lich flickers and vanishes!
Deactivating autopickup; reactivate with Ctrl-A.
The balrug hits you with a +0 demon whip of venom!
* * * LOW HITPOINT WARNING * * *
You are engulfed in flames!
You resist.
You die...

###.[[.))).Z#....#..#..#.)#######
###+####..#....#..#.....†......
#.# ##[#...[#).#.[[......... ..#
##(#..[[#[.#.)##########
.....##.[[([[[#..)....).......
..........[[[[[[÷..............
#########...[[...[##############
.......[<<.{........
........<..@2........
.........<<.2........
.........$(..........
######........#######
..................
#...#....#......).
.....#....#..###...## #
.#...#..o.#...###...## #. .:.
#....#.:..###...# #..


You could see a balrug (summoned), an orc knight and a tormentor (summoned).

Vanquished Creatures
  Bai Suzhen (Shoals:4)
  Xtahua (Vaults:5)
  2 golden dragons
  2 tentacled monstrosities (Vaults:5)
  A titan (Vaults:2)
  3 liches (Vaults:5)
  2 krakens
  3 sphinxes
  A shadow dragon (Vaults:5)
  2 tengu reavers (Vaults:5)
  Donald (Snake:1)
  A nagaraja (Snake:4)
  2 fire giants
  14 vault wardens
  The ghost of Midn8 the Black Belt, a journeyman DsSh of Ru (D:14)
  17 ironbound preservers
  2 orc warlords
  2 formless jellyfish (Vaults:4)
  2 very ugly things
  A vampire knight (Vaults:3)
  A war gargoyle (Vaults:2)
  3 stone giants
  2 ironbound thunderhulks
  6 dire elephants
  A deep elf death mage (Vaults:5)
  3 deep elf annihilators (Vaults:5)
  A crystal guardian (Vaults:3)
  3 ettins
  2 merfolk javelineers (Shoals:4)
  3 merfolk impalers
  Josephine (D:14)
  An entropy weaver (Orc:1)
  A fire dragon (Lair:5)
  24 vault guards
  3 great orbs of eyes
  8 yaktaur captains
  2 deep elf high priests (Vaults:5)
  A salamander tyrant (Snake:4)
  3 catoblepae
  2 ogre magi (Vaults:5)
  5 hydras
  2 merfolk avatars
  3 peacekeepers
  7 ironbound frosthearts
  An anaconda (shapeshifter) (Vaults:5)
  8 anacondas
  3 centaur warriors
  A boulder beetle (D:12)
  8 two-headed ogres
  2 merfolk aquamancers
  9 naga warriors
  A death knight (D:14)
  4 death yaks (Shoals:4)
  15 naga sharpshooters
  2 tengu warriors (D:14)
  An orc high priest (Orc:2)
  3 vampire magi
  5 shock serpents
  3 skysharks
  A skyshark (shapeshifter) (D:9)
  A salamander mystic (Snake:3)
  A golden dragon zombie (D:15)
  2 skeletal warriors (D:15)
  4 sea snakes
  25 deep trolls
  25 slime creatures
  A steelbarb worm (shapeshifter) (Vaults:5)
  A flayed ghost (Vaults:5)
  4 spectral anacondas (Snake:2)
  4 wizards
  A swamp dragon (Lair:5)
  3 naga ritualists
  2 necromancers (Vaults:3)
  2 anaconda skeletons (Snake:2)
  9 ironbound convokers
  11 lindwurms
  9 orc knights
  3 deep elf pyromancers
  2 orc sorcerers (Orc:2)
  3 phantasmal warriors (Vaults:5)
  A tengu zombie (Vaults:5)
  13 harpies
  A harpy (shapeshifter) (Vaults:5)
  2 wolf spiders
  5 manticores
  10 salamanders
  A human zombie (Vaults:2)
  A mana viper (Snake:1)
  2 elephants (Lair:5)
  An oklob plant (Snake:1)
  21 ugly things
  3 merfolk sirens
  7 fauns
  6 cyclopes
  A frost giant skeleton (Vaults:2)
  2 guardian serpents
  3 water nymphs
  A torpor snail (shapeshifter) (D:14)
  15 vault sentinels
  3 ice statues (IceCv)
  7 naga magi
  35 black mambas
  Maggie (Lair:2)
  14 cane toads
  A torpor snail (Lair:4)
  4 gargoyles
  2 unseen horrors (D:11)
  4 rime drakes (Lair:5)
  7 komodo dragons
  21 yaktaurs
  A spectral sea snake (Snake:2)
  A sea snake skeleton (Snake:2)
  A komodo dragon (shapeshifter) (D:15)
  A freezing wraith (IceCv)
  3 anaconda simulacra
  A tengu conjurer (D:11)
  8 trolls
  13 merfolk
  A queen bee (shapeshifter) (D:12)
  2 meliai (D:14)
  A polar bear (Lair:3)
  A tengu simulacrum (Vaults:3)
  Grinder (D:5)
  6 blink frogs
  2 spectral guardian serpents (Snake:2)
  3 wind drakes (Shoals:3)
  A stone giant simulacrum (Vaults:2)
  3 guardian serpent skeletons (Snake:2)
  3 snapping turtles
  A jumping spider (shapeshifter) (D:14)
  3 vampires
  6 wraiths
  Sigmund (D:2)
  A shadow (D:11)
  An ettin skeleton (Vaults:3)
  3 water elementals
  5 wyverns
  5 basilisks
  3 steam dragons
  50 yaks
  8 vampire mosquitoes
  A sea snake simulacrum (Snake:2)
  2 death yak simulacra (Orc:2)
  A glowing shapeshifter zombie (Vaults:3)
  3 acid dragons (Lair:5)
  23 nagas
  6 wargs (Orc:2)
  15 water moccasins
  A hydra simulacrum (IceCv)
  Duvessa (D:7)
  A naga skeleton (Snake:2)
  A swamp drake (Lair:5)
  A guardian serpent simulacrum (Snake:2)
  2 ice beasts
  22 orc warriors
  A sky beast (D:7)
  A swamp dragon zombie (Lair:5)
  2 black bears
  11 centaurs
  17 wolves
  5 ogres
  A phantom (D:7)
  A kobold brigand (D:8)
  15 bullfrogs
  2 gnoll sergeants (D:9)
  3 cane toad simulacra
  A scorpion (D:7)
  Dowan (D:7)
  8 wights
  3 spectral nagas (Snake:2)
  A yak zombie (Lair:1)
  9 killer bees
  5 electric eels
  9 howler monkeys
  12 jellies
  2 gnoll boudas (D:9)
  12 orc priests
  8 hounds
  3 iguanas
  Crazy Yiuf (D:2)
  13 orc wizards
  A spriggan simulacrum (Orc:2)
  3 hell rats (Lair:4)
  3 troll simulacra (Orc:2)
  3 polar bear simulacra (IceCv)
  Robin (D:2)
  17 gnolls
  5 adders
  3 naga simulacra
  A river rat (D:5)
  A swamp drake zombie (Lair:5)
  3 white imps
  4 worms
  3 dart slugs
  62 orcs
  5 ball pythons
  3 bats
  12 endoplasms
  5 giant cockroaches
  18 goblins
  9 hobgoblins
  11 jackals
  3 quokkas
  4 frilled lizards
  10 kobolds
  11 rats
  2 tentacles (Shoals:1)
1094 creatures vanquished.

Vanquished Creatures (collateral kills)
  2 titans (Vaults:5)
  Agnes (Snake:3)
  A storm dragon (Vaults:5)
  Polyphemus (Shoals:4)
  A nagaraja (Snake:4)
  3 tengu reavers
  Aizul (Shoals:1)
  2 frost giants (Vaults:5)
  A deep elf sorcerer (Vaults:5)
  3 vault wardens
  An orc warlord (Vaults:2)
  The ghost of Tawep the Eclecticist, a journeyman DECj of Vehumet (Shoals:1)
  2 very ugly things
  3 ironbound preservers
  3 ironbound thunderhulks
  2 stone giants (Vaults:5)
  A deep elf demonologist (Vaults:5)
  2 deep elf death magi (Vaults:5)
  4 merfolk impalers (Shoals:4)
  2 merfolk javelineers (Shoals:4)
  An ettin (Vaults:5)
  A deep elf high priest (Vaults:5)
  6 yaktaur captains
  A great orb of eyes (Vaults:2)
  A peacekeeper (Vaults:4)
  A hydra (Lair:5)
  12 vault guards
  4 centaur warriors (Vaults:3)
  An ironbound frostheart (Vaults:4)
  2 alligator snapping turtles
  3 anacondas (Snake:3)
  2 satyrs
  A boulder beetle (D:15)
  2 merfolk aquamancers
  2 naga warriors (Snake:4)
  A deep troll earth mage (Vaults:5)
  3 shock serpents (Snake:4)
  7 naga sharpshooters
  3 skysharks
  13 deep trolls
  A spark wasp zombie (D:15)
  2 sea snakes (Shoals:4)
  A golden dragon zombie (D:15)
  A wizard (Vaults:4)
  2 necromancers
  A naga ritualist (Snake:4)
  8 harpies
  An anaconda skeleton (Snake:2)
  2 phantasmal warriors (Vaults:5)
  5 ironbound convokers
  2 lindwurms
  2 orc knights
  A harpy (shapeshifter) (Vaults:5)
  A deep elf pyromancer (D:15)
  3 mana vipers
  10 ugly things
  2 elephants (Lair:5)
  A cyclops (Shoals:4)
  10 fauns
  3 salamanders
  7 manticores
  5 black mambas
  2 water nymphs
  3 merfolk sirens
  7 slime creatures
  4 guardian serpents (Snake:4)
  A naga mage (Snake:4)
  A human skeleton (Vaults:3)
  5 vault sentinels
  3 cane toads
  An eye of devastation (shapeshifter) (Vaults:5)
  3 komodo dragons
  9 yaktaurs
  A spriggan skeleton (D:15)
  A meliai (D:14)
  16 merfolk
  A polar bear (Lair:3)
  A spectral guardian serpent (Snake:2)
  A troll (Orc:2)
  4 wind drakes (Shoals:4)
  A blink frog (shapeshifter) (D:15)
  2 blink frogs (Lair:3)
  5 snapping turtles
  A dream sheep (shapeshifter) (Vaults:2)
  5 water elementals
  9 yaks
  A steam dragon (Lair:4)
  6 basilisks
  13 nagas
  An acid dragon (Lair:5)
  A water moccasin (Lair:2)
  5 orc warriors
  An ogre (Orc:2)
  2 bullfrogs
  A killer bee (D:11)
  2 howler monkeys (D:10)
  3 jellies (Lair:5)
  6 orc priests (Orc:2)
  An iguana (Lair:5)
  6 orc wizards (Orc:2)
  2 hell rats (Lair:4)
  8 orcs
  An endoplasm (Lair:5)
322 creatures vanquished.

Vanquished Creatures (others)
  A vault warden (Vaults:1)
  A catoblepas (Shoals:4)
  A fire dragon zombie (Vaults:5)
  A deep troll (Vaults:4)
  3 anaconda zombies
  2 harpies
  A wolf spider zombie (D:15)
  7 ugly thing zombies
  A cyclops zombie (Shoals:4)
  A deep elf pyromancer (D:11)
  A stone giant zombie (Vaults:5)
  A dire elephant zombie (Vaults:2)
  A naga mage (Snake:2)
  4 elf zombies (Vaults:5)
  3 death yak zombies (Shoals:4)
  A steelbarb worm zombie (Vaults:5)
  A sea snake zombie (Shoals:1)
  A yaktaur (Vaults:1)
  15 harpy zombies
  A guardian serpent zombie (Snake:1)
  An ettin zombie (Vaults:5)
  A satyr zombie (Shoals:3)
  28 human zombies
  2 slime creature zombies (Vaults:1)
  6 black mamba zombies
  3 wind drake zombies (Shoals:4)
  5 faun zombies
  A naga (Snake:4)
  3 deep troll zombies
  10 merfolk zombies
  2 two-headed ogre zombies (D:11)
  3 cane toad zombies
  A manticore zombie (Shoals:4)
  An orc warrior (Vaults:5)
  A blink frog zombie (D:15)
  A rime drake zombie (Lair:5)
  11 yaktaur zombies
  A komodo dragon zombie (D:11)
  4 salamander zombies
  A wyvern zombie (Lair:5)
  2 water moccasin zombies
  A warg zombie (Orc:2)
  3 yak zombies (Lair:5)
  A wolf zombie (Lair:3)
  3 centaur zombies (D:15)
  2 bullfrog zombies (Lair:3)
  A basilisk zombie (Lair:5)
  An orc priest (Vaults:5)
  2 iguanas (Lair:5)
  An orc wizard (D:9)
  A killer bee zombie (D:11)
  2 ogre zombies
  12 naga zombies
  A hound zombie (D:9)
  A steam dragon zombie (D:9)
  18 orc zombies
  An orc (Vaults:5)
  7 foxfires (D:1)
  33 tentacles
227 creatures vanquished.

Grand Total: 1643 creatures vanquished

Notes
Turn   | Place    | Note
-------+----------+-------------------------------------------
     0 | D:1      | Shard1697 the Draconian Cinder Acolyte began the quest for
                  | the Orb.
     0 | D:1      | Reached XP level 1. HP: 19/19 MP: 2/2
    87 | D:1      | Reached XP level 2. HP: 12/26 MP: 2/4
   114 | D:1      | Learned a level 2 spell: Scorch
   161 | D:1      | Noticed a +0 triple sword
   162 | D:1      | Found Qevvaus's Weapon Emporium.
   163 | D:1      | Noticed a +0 triple sword
   685 | D:1      | Reached XP level 3. HP: 24/31 MP: 5/5
  1444 | D:2      | Noticed Robin
  1466 | D:2      | Reached XP level 4. HP: 38/40 MP: 3/6
  1502 | D:2      | Killed Robin
  1666 | D:2      | Found a runed translucent door.
  1667 | D:2      | Noticed Crazy Yiuf
  1735 | D:2      | Noticed Sigmund
  1810 | D:2      | Killed Sigmund
  1811 | D:2      | Reached XP level 5. HP: 47/47 MP: 2/8
  2227 | D:2      | Killed Crazy Yiuf
  2228 | D:2      | Reached XP level 6. HP: 28/55 MP: 0/9
  2662 | D:3      | Reached skill level 5 in Maces & Flails
  3118 | D:3      | Found a faded altar of an unknown god.
  3240 | D:3      | Reached skill level 5 in Fighting
  3595 | D:4      | Found a basalt altar of Yredelemnul.
  3640 | D:4      | Found Ceideoda's Jewellery Shop.
  3839 | D:4      | Your scales start taking on a lurid green colour.
  3839 | D:4      | Reached XP level 7. HP: 60/61 MP: 10/10
  3839 | D:4      | Gained mutation: Your system is resistant to poisons.
                  | (rPois) [Green Draconian growth]
  4106 | D:5      | Entered Level 5 of the Dungeon
  4235 | D:5      | Found a glowing drain.
  4242 | Sewer    | Entered a sewer
  4310 | Sewer    | Reached skill level 1 in Dodging
  4424 | D:5      | Noticed Grinder
  4437 | D:5      | Killed Grinder
  4578 | D:5      | Learned a level 4 spell: Animate Dead
  4588 | D:5      | Reached XP level 8. HP: 67/71 MP: 11/11
  4771 | D:5      | Reached skill level 1 in Necromancy
  5088 | D:6      | Noticed Tollund's ghost (novice OpSh)
  5089 | D:6      | Found a one-way gate to the infinite horrors of the Abyss.
  5090 | D:6      | Found a transporter.
  5159 | D:6      | Reached skill level 2 in Necromancy
  5235 | D:6      | Found a shadowy altar of Dithmenos.
  5413 | D:6      | Found a transporter.
  5667 | D:7      | Found Udauvesk's Armour Shoppe.
  5734 | D:7      | Found a sacrificial altar of Ru.
  5772 | D:7      | Found Sacep's Lightly-Used Armoury.
  5814 | D:7      | Learned a level 4 spell: Dispel Undead
  5952 | D:7      | Noticed a two-headed ogre
  5984 | D:7      | Killed a two-headed ogre
  5985 | D:7      | Reached skill level 3 in Necromancy
  5985 | D:7      | Reached XP level 9. HP: 41/79 MP: 12/12
  6331 | D:7      | Reached skill level 4 in Necromancy
  6358 | D:7      | Found a staircase to the Ecumenical Temple.
  6491 | D:7      | Noticed Dowan
  6494 | D:7      | Noticed Duvessa
  6502 | D:7      | Killed Duvessa
  6509 | D:7      | Killed Dowan
  7062 | D:8      | Reached skill level 10 in Maces & Flails
  7391 | D:8      | Reached XP level 10. HP: 78/85 MP: 13/13
  7526 | D:8      | Reached skill level 5 in Dodging
  7533 | D:8      | Reached skill level 5 in Necromancy
  8118 | D:9      | Noticed a two-headed ogre
  8125 | D:9      | Killed a two-headed ogre
  8293 | D:9      | Found an iron altar of Okawaru.
  8445 | D:9      | Reached skill level 6 in Necromancy
  8494 | D:9      | Reached XP level 11. HP: 56/97 MP: 14/14
  8764 | D:9      | Noticed a skyshark
  8790 | D:9      | Killed a skyshark
  8791 | D:9      | Reached skill level 1 in Shields
  8983 | D:9      | Learned a level 2 spell: Blink
  9143 | D:9      | Found a staircase to the Orcish Mines.
  9358 | D:9      | Reached skill level 1 in Translocations
  9723 | D:9      | Found a staircase to the Lair.
  9749 | D:9      | Reached skill level 10 in Fighting
 10043 | D:10     | Entered Level 10 of the Dungeon
 10043 | D:10     | Found a hide-covered altar of Uskayaw.
 10054 | D:10     | Found an opulent altar of Gozag.
 10054 | D:10     | Found a glowing silver altar of Zin.
 10166 | D:10     | Reached skill level 7 in Necromancy
 11089 | D:11     | Noticed a two-headed ogre
 11096 | D:11     | Killed a two-headed ogre
 11131 | D:11     | Noticed a two-headed ogre
 11142 | D:11     | Killed a two-headed ogre
 11487 | D:11     | Noticed a two-headed ogre
 11499 | D:11     | Killed a two-headed ogre
 11500 | D:11     | Reached skill level 8 in Necromancy
 11589 | D:11     | Noticed a deep elf pyromancer
 11594 | D:11     | Noticed a wizard
 11636 | D:11     | Killed a wizard
 11637 | D:11     | Reached XP level 12. HP: 92/106 MP: 15/15
 11640 | D:11     | Reached skill level 5 in Shields
 12733 | Orc:1    | Entered Level 1 of the Orcish Mines
 12733 | Orc:1    | Noticed an ettin
 12754 | Orc:1    | Killed an ettin
 12783 | Orc:1    | Noticed Sonja
 12784 | Orc:1    | Sonja changed into Sonja the entropy weaver
 12784 | Orc:1    | Noticed Sonja
 13197 | D:1      | Bought a +4 vampiric demon whip for 938 gold pieces
 13375 | Lair:1   | Entered Level 1 of the Lair of Beasts
 14289 | Lair:2   | Found a staircase to the Snake Pit.
 14552 | Lair:2   | Reached skill level 10 in Dodging
 14690 | Lair:2   | Found a basalt altar of Yredelemnul.
 14743 | Lair:2   | Noticed Maggie
 14750 | Lair:2   | Killed Maggie
 15278 | Lair:3   | Reached skill level 9 in Necromancy
 15355 | Lair:3   | Reached XP level 13. HP: 113/113 MP: 17/17
 16101 | Lair:3   | Found a staircase to the Shoals.
 16101 | Lair:3   | You fall into a shaft and drop 2 floors!
 16101 | Lair:5   | Entered Level 5 of the Lair of Beasts
 16430 | Lair:4   | Learned a level 6 spell: Death Channel
 17459 | Lair:3   | Reached skill level 10 in Necromancy
 17613 | Lair:5   | Reached skill level 5 in Spellcasting
 17855 | Lair:5   | Learned a level 5 spell: Borgnjor's Vile Clutch
 17972 | Lair:5   | Gained mutation: Your tail ends in a venomous barb. [Green
                  | Draconian growth]
 17972 | Lair:5   | Reached XP level 14. HP: 126/126 MP: 16/21
 18327 | Lair:5   | Found a staircase to the Slime Pits.
 18334 | Lair:5   | Found a viscous altar of Jiyva.
 18354 | Lair:5   | Reached skill level 11 in Necromancy
 18975 | Snake:1  | Entered Level 1 of the Snake Pit
 19226 | Snake:1  | Noticed Donald
 19264 | Snake:1  | Killed Donald
 19296 | Snake:1  | Found an ancient bone altar of Kikubaaqudgha.
 19427 | Snake:1  | Reached skill level 1 in Evocations
 20139 | Snake:2  | Reached XP level 15. HP: 100/133 MP: 22/22
 20963 | Snake:2  | Reached skill level 10 in Shields
 21792 | Snake:3  | Reached skill level 12 in Necromancy
 21879 | Snake:3  | Found Cohudan's Mayhem Merchandise.
 21896 | Snake:3  | Reached skill level 1 in Earth Magic
 21917 | Snake:3  | Noticed Agnes
 21933 | Snake:3  | Killed Agnes
 22066 | Snake:3  | Found Wehed's Assorted Antiques.
 22078 | Snake:3  | Bought a runed buckler for 247 gold pieces
 22133 | Snake:3  | Bought a scroll of enchant armour for 247 gold pieces
 22556 | Snake:4  | Entered Level 4 of the Snake Pit
 22658 | Snake:4  | Reached skill level 13 in Necromancy
 22658 | Snake:4  | Reached skill level 5 in Earth Magic
 22914 | Snake:4  | Found Ixudanumm's Antique Weapon Shop.
 23239 | Snake:4  | Reached XP level 16. HP: 143/144 MP: 21/23
 23764 | Snake:4  | Got a serpentine rune of Zot
 23972 | Shoals:1 | Entered Level 1 of the Shoals
 23979 | Shoals:1 | Found a runed translucent gate.
 23981 | Shoals:1 | Found a runed translucent gate.
 23982 | Shoals:1 | Found a runed translucent gate.
 23995 | Shoals:1 | Noticed Tawep's ghost (journeyman DECj)
 24041 | Shoals:1 | Killed Tawep's ghost
 24042 | Shoals:1 | Reached skill level 14 in Necromancy
 24047 | Shoals:1 | Identified the ring "Pad Gut" {rElec rC+ Str+3 Dex+5}
 24390 | Shoals:1 | Noticed Aizul
 24410 | Shoals:1 | Killed Aizul
 24514 | Shoals:1 | Found a bloodstained altar of Trog.
 24519 | Shoals:1 | Noticed a kraken
 24729 | Shoals:1 | Killed a kraken
 25158 | Shoals:2 | Learned a level 4 spell: Anguish
 25211 | Shoals:2 | Identified the +1 lajatang "Tivozeot" {heavy, rN++ Dex-4
                  | SInv}
 25228 | Shoals:2 | Reached skill level 1 in Stealth
 26144 | Shoals:3 | Noticed a kraken
 26243 | Shoals:3 | Killed a kraken
 26706 | Shoals:3 | Identified the +0 scale mail "Oxzotar" {rElec Dex+6}
 26720 | Shoals:4 | Entered Level 4 of the Shoals
 26720 | Shoals:4 | Noticed Polyphemus
 26740 | Shoals:4 | Reached XP level 17. HP: 154/154 MP: 15/25
 26746 | Shoals:4 | Killed Polyphemus
 26750 | Shoals:4 | Reached skill level 15 in Fighting
 26778 | Shoals:4 | Noticed Bai Suzhen
 26788 | Shoals:4 | Your ally Polyphemus died
 27206 | Shoals:4 | Reached skill level 5 in Stealth
 27286 | Shoals:4 | Got a barnacled rune of Zot
 27323 | Shoals:4 | Got the Compilation of Snowy Execration
 27382 | Shoals:4 | Killed Bai Suzhen
 28108 | Orc:1    | Killed Sonja the entropy weaver
 28340 | Orc:2    | Entered Level 2 of the Orcish Mines
 28340 | Orc:2    | Found a staircase to the Elven Halls.
 28428 | Orc:2    | Found a flickering gateway to a bazaar.
 28446 | Bazaar   | Entered a bazaar
 28475 | Bazaar   | Found Ompeyddyfoe's Antique Armour Emporium.
 28506 | Bazaar   | Found Ladiqor's Assorted Antiques.
 28512 | Bazaar   | Bought a scroll of teleportation for 114 gold pieces
 28542 | Bazaar   | Found Iveeste's Assorted Antiques.
 28547 | Bazaar   | Bought a scroll of enchant armour for 105 gold pieces
 28547 | Bazaar   | Bought a wand of digging (3) for 176 gold pieces
 28682 | Orc:2    | Found Ycang's Antique Weapon Shop.
 28686 | Orc:2    | Found Semixat's Book Shop.
 28688 | Orc:2    | Found Moohaewk's Antique Armour Shop.
 28706 | Orc:2    | Found a frozen archway.
 28736 | IceCv    | Entered an ice cave
 29100 | IceCv    | Got Lefagood's Directory of Hail
 29175 | Orc:2    | Learned a level 7 spell: Haunt
 29701 | Orc:2    | Found Yrghany's General Store.
 29707 | Orc:2    | Bought a potion of invisibility for 128 gold pieces
 29930 | D:12     | Reached skill level 1 in Summonings
 30020 | D:12     | Found a glowing silver altar of Zin.
 31464 | D:14     | Found a runed translucent door.
 31465 | D:14     | Noticed Midn8's ghost (journeyman DsSh)
 31500 | D:14     | Killed Midn8's ghost
 31501 | D:14     | Reached XP level 18. HP: 142/163 MP: 31/31
 32005 | D:14     | Noticed Josephine
 32028 | D:14     | Killed Josephine
 32029 | D:14     | Reached skill level 5 in Summonings
 32154 | D:14     | Found Qirerrip's Book Shoppe.
 32256 | D:14     | Identified the +1 pair of gloves of the Onion {rN+ Dex+2}
 32272 | D:14     | Found a gate to the Vaults.
 32677 | D:15     | Entered Level 15 of the Dungeon
 32711 | D:15     | Found a staircase to the Depths.
 32711 | D:15     | Found the +4 skin of Zhor {*Englaciate rC+++ SInv}
 32719 | D:15     | Reached skill level 15 in Necromancy
 33391 | Vaults:1 | Entered Level 1 of the Vaults
 33461 | Vaults:1 | You fall into a shaft and drop 1 floor!
 33848 | Vaults:1 | Reached skill level 16 in Necromancy
 34205 | D:14     | Bought a manual of Necromancy for 1040 gold pieces
 35661 | Vaults:2 | Reached skill level 17 in Necromancy
 36094 | Vaults:2 | Found Seyraoff's Antique Armour Shop.
 36243 | Vaults:2 | Reached XP level 19. HP: 160/170 MP: 24/32
 36247 | Vaults:2 | Reached skill level 10 in Summonings
 36292 | Vaults:2 | Reached skill level 18 in Necromancy
 36770 | Abyss:2  | Cast into level 2 of the Abyss (a wizard)
 36808 | Vaults:3 | Escaped the Abyss
 37102 | Vaults:3 | Learned a level 3 spell: Vampiric Draining
 37103 | Vaults:3 | Found Afiklust's Distillery.
 37228 | Vaults:3 | Reached skill level 19 in Necromancy
 37875 | Vaults:3 | Found a staircase to the Crypt.
 37986 | Vaults:3 | Reached skill level 20 in Necromancy
 39018 | Vaults:3 | Bought a potion of haste for 220 gold pieces
 39246 | Vaults:4 | Got Higyhy's Incunable of the Tesseract and Poisoning
 39422 | Vaults:4 | Reached XP level 20. HP: 180/180 MP: 33/33
 39985 | Vaults:4 | Got Sif Muna's Papyrus of Clouds
 39990 | Vaults:4 | Found a portal to a secret trove of treasure.
 39994 | Vaults:4 | Found Oraurorui's Armour Shoppe.
 40227 | Vaults:4 | Noticed a golden dragon
 40243 | Vaults:4 | Killed a golden dragon
 40382 | Vaults:4 | Learned a level 5 spell: Agony
 40451 | Vaults:5 | Entered Level 5 of the Vaults
 40451 | Vaults:5 | Noticed Xtahua
 40496 | Vaults:5 | Noticed a golden dragon
 40500 | Vaults:5 | Killed Xtahua
 40522 | Vaults:5 | Reached skill level 10 in Spellcasting
 40530 | Vaults:5 | Killed a golden dragon
 40535 | Vaults:5 | Your ally Xtahua died
 40543 | Vaults:5 | Identified the ring "Uschemuma" {rF+ rCorr Dex+2}
 40545 | Vaults:5 | Reached skill level 15 in Dodging
 40600 | Vaults:5 | Identified the +7 shortbow of Noon {heavy, rElec}
 40619 | Vaults:5 | Got a silver rune of Zot
 40801 | Vaults:5 | Reached skill level 21 in Necromancy
 40831 | Vaults:5 | Identified the ring of Ymuasewa {Str+6 Int+3 Dex+5}
 40885 | Vaults:5 | Identified the ring of Pudetwon {Ice rCorr Str+2 Stlth+}
 40918 | Vaults:5 | Reached XP level 21. HP: 180/191 MP: 35/35
 40967 | Vaults:5 | Identified the ring of Riteasoq {+Blink rN+ Will+}
 41069 | Vaults:5 | Identified the ring of Jedaokhef {Will+ MP+9 Int+2 Dex+6}
 41094 | Vaults:5 | Identified the scarf "Imoitah" {repulsion, +Inv Will+
                  | Dex+3}
 41331 | Vaults:5 | Noticed a dread lich
 41379 | Vaults:5 | HP: 6/192 [balrug/+0 demon whip of venom[a dread lich] (9)]
 41379 | Vaults:5 | Slain by a balrug

Illustrated notes

Levels and vault maps discovered:
D:1:      dpeg_arrival_court, layout_basic, serial_shops,
          nicolae_shop_mannequins
D:2:      layout_loops_cross, uniq_crazy_yiuf_cottage, uniq_sigmund, uniq_robin
D:3:      layout_loops_ring, dreamdust_ecumenical_altar_hidden_monk_grotto,
          nicolae_titane
D:4:      layout_basic, general_overflow_altar, serial_shops, shop
D:5:      layout_loops_ring, gup_sewer_entry_bubbles,
          dreamdust_princess_corridor, uniq_grinder
D:6:      layout_rooms, nicolae_dithmenos_through_a_glass_darkly,
          gammafunk_ghost_abyssal_escape, kennysheep_generic_room_16
D:7:      cheibrodos_fzero, layout_basic, nicolae_ru_awakened_eye,
          minmay_temple_entry_tees, serial_shops, shop, minmay_shop_damaged,
          serial_park_tiny_1, minmay_misc_feat_roman, uniq_duvessa
D:8:      layout_loops_ring
D:9:      layout_loops_corners, amcnicky_altar_gilded, erik_lair_island,
          david_orc_4, nicolae_water_bricks, grunt_potential
D:10:     layout_roguey, grunt_temple_overflow_open, serial_curves,
          eino_curves_03, eino_curves_04, eino_curves_01,
          kennysheep_generic_room_10
D:11:     minmay_bloctagon_deflated, layout_loops_ring
D:12:     layout_basic, zin_academy
D:13:     layout_small_grid
D:14:     layout_irregular_city, david_vaults_5, chequers_jeans,
          gammafunk_ghost_grave, serial_shops, shop, uniq_josephine
D:15:     gammafunk_depths_entry_grave, layout_rooms, minmay_misc_feat_tiny
Lair:1:   layout_cave_pods
Lair:2:   layout_cave_pods, minmay_snake_entry_six_corridors, basic_altar,
          uniq_maggie
Lair:3:   wad_woods_structure_01, layout_gridlike, shoals_dummy_entry
Lair:4:   layout_cave_pods, serial_bayou_shore_b
Lair:5:   hangedman_lair_in_review, layout_regular_city,
          guppyfry_lair_end_dragon, minmay_slime_entry_jelly_boxes,
          lemuel_fruit_tree
Shoals:1: layout_shoals, gammafunk_ghost_split, wheals_shoals_ruined_temple,
          uniq_aizul
Shoals:2: layout_shoals
Shoals:3: layout_shoals
Shoals:4: shoals_end_grunt_garden, layout_shoals, argonaut_gorgonesque,
          uniq_polyphemus, uniq_bai_suzhen
Snake:1:  layout_onion_interference, lemuel_oklob_altar, uniq_donald
Snake:2:  layout_grid_maze, nicolae_snake_the_dead_are_slithering
Snake:3:  layout_cave_town, serial_shops, nicolae_shop_just_a_little_nook,
          minmay_shop_mayhem, uniq_agnes
Snake:4:  grunt_snake_rune_serpentine_throne, layout_grid_shapes, serial_shops,
          shop
Orc:1:    layout_caves, uniq_sonja
Orc:2:    grunt_orc_cross, layout_caves, portal_ice_cave_entry_ice_simulacra,
          serial_shops, bzr_entry_water, mines5_lemuel
Vaults:1: vaults_room_pool, nicolae_vaults_turnstiles, v_misc_2,
          grunt_vaults_hallway_short, ontoclasm_vaults_fault,
          layout_vaults_quadrants
Vaults:2: nicolae_vaults_offset_grid_hallway_2, v_misc_16,
          nicolae_vaults_network_periphery, nicolae_vaults_closet_pinwheel_3,
          nicolae_vaults_mini_display_case, nicolae_vaults_diffraction_hallways,
          ontoclasm_vaults_loading_screen, v_misc_30, grunt_vaults_trifunnel,
          v_misc_5, vaults_dpeg_hooks, vaults_room_hallway, layout_vaults_ring,
          serial_shops, shop
Vaults:3: nicolae_vaults_heist, nicolae_vaults_network_barrier,
          hangedman_vaults_trim, nicolae_vaults_specimen_jars,
          minmay_crypt_entry_simple_corners,
          nicolae_vaults_doubleplus_tesselated, v_misc_11,
          nicolae_vaults_windows_and_doors_thing, vaults_dpeg_ring,
          nicolae_vaults_tetromino_Z_2, ontoclasm_vaults_gateway,
          layout_vaults_chaotic_city, serial_shops, nicolae_shop_peninsula
Vaults:4: vaults_room_semicircle, vaults_room_octagon,
          nicolae_vaults_trapezoid_lopsided_3, nicolae_vaults_shrinking_rooms_2,
          hangedman_vaults_snaps, nicolae_vaults_closet_pinwheel_3,
          hangedman_vaults_capsules, nicolae_vaults_storage_closets_1,
          nicolae_vaults_little_squares_2, nicolae_vaults_tangram_1,
          v_pattern_2, nicolae_vaults_little_squares_5,
          nicolae_vaults_enemy_cabinets, v_misc_14, layout_vaults_maze,
          enter_trove_2, serial_shops, nicolae_diamond_shop
Vaults:5: serial_shops, uniq_xtahua

Skill      XL: |  1  2  3  4  5  6  7  8  9 10 11 12 13 14 15 16 17 18 19 20 |
---------------+-------------------------------------------------------------+-----
Maces & Flails | 4 5 7 9 10 11 12 13 14 | 14.1
Fighting       | 4 5 6 7 8 9 10 12 13 14 15 17 | 17.4
Spellcasting   | 2 5 9 10 | 10.6
Dodging        | 2 3 4 6 10 11 12 13 14 15 | 15.6
Necromancy     | 3 4 6 8 9 10 11 13 14 17 20 21 | 21.3
Shields        | 4 5 8 11 | 11.4
Translocations | 4 |  4.0
Evocations     | 2 |  2.4
Earth Magic    | 5 |  5.4
Stealth        | 3 5 |  5.0
Summonings     | 4 9 12 | 12.9
Fire Magic     | |  3.8

Action                     |  1- 3 |  4- 6 |  7- 9 | 10-12 | 13-15 | 16-18 | 19-21 || total
---------------------------+-------+-------+-------+-------+-------+-------+-------++-------
  Melee: Mace              |    70 |       |       |       |       |       |       ||    70
         Tailslap          |     8 |    12 |    33 |    98 |   217 |   471 |   308 ||  1147
         Punch             |     1 |     1 |       |     1 |       |       |       ||     3
         Flail             |    22 |   131 |   263 |     7 |       |       |       ||   423
         Morningstar       |       |       |       |   457 |       |       |       ||   457
         Demon whip        |       |       |       |   173 |  1146 |  1935 |  1153 ||  4407
   Cast: Scorch            |    13 |    21 |       |       |       |       |       ||    34
         Animate Dead      |       |       |       |    11 |    21 |    28 |    13 ||    73
         Dispel Undead     |       |       |       |     4 |       |     2 |    14 ||    20
         Death Channel     |       |       |       |       |     7 |    46 |    26 ||    79
         Blink             |       |       |       |       |     1 |     6 |     2 ||     9
         Borgnjor's Vile C |       |       |       |       |     1 |       |       ||     1
         Anguish           |       |       |       |       |       |     5 |     5 ||    10
         Haunt             |       |       |       |       |       |       |     7 ||     7
 Invoke: Foxfire Swarm     |     1 |       |       |       |       |       |       ||     1
         Rising Flame      |       |       |       |       |       |       |     1 ||     1
Ability: Breathe Noxious F |       |       |     8 |    23 |     4 |     1 |     4 ||    40
  Evoke: Wand              |       |       |       |     9 |     2 |    10 |       ||    21
    Use: Scroll            |       |       |    14 |    12 |     9 |     8 |     6 ||    49
         Potion            |       |       |     2 |    10 |     2 |     5 |    12 ||    31
   Stab: Sleeping          |     1 |       |       |     1 |       |     5 |     6 ||    13
         Confused          |       |       |     9 |    18 |     5 |       |     4 ||    36
         Distracted        |       |       |       |     2 |    12 |    46 |    29 ||    89
         Petrifying        |       |       |       |       |     2 |     3 |       ||     5
         Petrified         |       |       |       |       |     1 |    10 |       ||    11
         Invisible         |       |       |       |       |       |     4 |       ||     4
 Armour: Skin              |    32 |    55 |    79 |   193 |   190 |   307 |   185 ||  1041
  Dodge: Dodged            |    76 |    76 |   142 |   228 |   468 |   957 |   516 ||  2463
  Block: Other             |       |       |    47 |    16 |       |       |       ||    63
         Reflection        |       |       |     2 |     8 |    55 |    69 |    34 ||   168
         Buckler           |       |       |       |   174 |   289 |  1127 |   633 ||  2223
         Kite shield       |       |       |       |       |   269 |       |       ||   269

Table legend: (Time is in decaauts)
 A = Elapsed time spent in this place.
 B = Non-inter-level travel time spent in this place.
 C = Inter-level travel time spent in this place.
 D = Time resting spent in this place.
 E = Time spent auto-exploring this place.
 F = Levels seen in this place.
 G = Mean time per level.
                   A        B        C        D        E       F      G
               +--------+--------+--------+--------+--------+-----+--------+
         Total |  39633 |  36885 |   2748 |   4452 |  21756 |  39 | 1016.2 |
       Dungeon |  16796 |  15493 |   1303 |   2454 |   9470 |  15 | 1119.7 |
          Lair |   5590 |   5078 |    512 |    203 |   3657 |   5 | 1118.0 |
        Shoals |   3839 |   3508 |    331 |    339 |   1761 |   4 |  959.8 |
     Snake Pit |   4477 |   4311 |    166 |    738 |   1988 |   4 | 1119.2 |
  Orcish Mines |   1148 |   1075 |     73 |     24 |    714 |   2 |  574.0 |
        Vaults |   7123 |   6761 |    362 |    536 |   3995 |   5 | 1424.6 |
         Abyss |     38 |     38 |      0 |      0 |      0 |   1 |   38.0 |
        Bazaar |    123 |    123 |      0 |      0 |     95 |   1 |  123.0 |
         Sewer |    129 |    129 |      0 |      0 |     34 |   1 |  129.0 |
      Ice Cave |    366 |    366 |      0 |    158 |     40 |   1 |  366.0 |
               +--------+--------+--------+--------+--------+-----+--------+

Top non-repeatable levels by time:
     D:9: 2578 daAuts
Vaults:3: 2188 daAuts
 Snake:2: 1666 daAuts
    D:11: 1602 daAuts
Vaults:1: 1550 daAuts
Vaults:2: 1464 daAuts
     D:7: 1432 daAuts
     D:2: 1384 daAuts
    D:14: 1357 daAuts
Shoals:3: 1335 daAuts
     D:1: 1296 daAuts
  Lair:5: 1264 daAuts
  Lair:2: 1254 daAuts
Vaults:4: 1198 daAuts
  Lair:3: 1190 daAuts
